 Dungeon Crawl Stone Soup version 0.31-a0-986-g5e6e4ef867 (webtiles) character file.

Game seed: 18336419419362101940

1715232 Forgeling the Acrobat (level 25, 138/148 HPs)
             Began as a Felid Air Elementalist on Nov 8, 2023.
             Was the Champion of Ru.
             Escaped with the Orb
             ... and 4 runes on Nov 9, 2023!
             The game lasted 05:25:46 (127147 turns).

Forgeling the Acrobat (Felid Air Elementalist)    Turns: 127147, Time: 05:25:47

Health: 138/148    AC: 29    Str:  8    XL:     25
Magic:  48/48      EV: 39    Int: 31    God:    Ru [******]
Gold:   6040       SH:  8    Dex: 22    Spells: 13/64 levels left
                                        Lives:  2   Deaths: 1

rFire   + .          .
                       - Unarmed
rCold   . . .        (shield unavailable)
rNeg    + + .        (body armour unavailable)
rPois   ∞            (helmet unavailable)
rElec   +            (cloak unavailable)
rCorr   .            (gloves unavailable)
SInv    +            (boots unavailable)
Will    +++..        S - brooch of Shielding {Spirit SH+8}
Stlth   +++          b - ring of Meist {rF+ Int+4 Dex+6}
HPRegen 0.44/turn    a - ring of Uducuc {rElec rPois rN+ Str+4}
MPRegen 0.31/turn

%: guardian spirit
@: statue-form, hasted
A: slow and powerful, torment resistance 1, boosted hp, very small, claws 1,
fangs 3, see invisible, dopey 1, (speed 1), (shaggy fur 3), hated by all, no
poison magic, no translocations magic, no transmutations magic, inexperienced 2,
stealthy paws, no weapons or thrown items, no armour, multi-lived, electricity
resistance
0: Orb of Zot
}: 4/15 runes: barnacled, slimy, silver, gossamer
a: Begin Untransformation, Renounce Religion, Draw Out Power, Power Leap,
Apocalypse


You escaped.
You worshipped Ru.
Ru was exalted by your worship.
You were a living statue of rough stone.
You visited 11 branches of the dungeon, and saw 55 of its levels.
You also visited: Trove, Gauntlet and Wizlab.

You collected 9631 gold pieces.
You spent 3591 gold pieces at shops.

Inventory:

Jewellery
 a - the ring of Uducuc (right paw) {rElec rPois rN+ Str+4}
   (You found it on level 3 of the Crypt)

   [ring of positive energy]

   Str+4:     It affects your strength (+4).
   rElec:     It insulates you from electricity.
   rPois:     It protects you from poison rN+: It protects you from negative
   energy.
 b - the ring of Meist (left paw) {rF+ Int+4 Dex+6}
   (You found it in a Gauntlet)

   [ring of dexterity]

   Int+4:     It affects your intelligence (+4).
   Dex+6:     It affects your dexterity (+6).
   rF+:       It protects you from fire.
 e - the ring "Suchak" {+Blink rF- AC+4 Dex+3 SInv}
   (You found it in a treasure trove)

   [ring of protection]

   AC+4:      It affects your AC (+4).
   Dex+3:     It affects your dexterity (+3).
   rF-:       It makes you vulnerable to fire.
   SInv:      It lets you see invisible.
   +Blink:    It lets you blink.
 f - the ring "Tiluqiky" {rPois rF+ rN+ Int+6 SInv}
   (You found it on level 3 of the Crypt)

   [ring of positive energy]

   Int+6:     It affects your intelligence (+6).
   rF+:       It protects you from fire.
   rPois:     It protects you from poison rN+: It protects you from negative
   energy.
   SInv:      It lets you see invisible.
 k - the ring of the Fresh God {rN+ Int+2 Stlth+}
   (You found it on level 3 of the Crypt)

   [ring of positive energy]

   Int+2:     It affects your intelligence (+2).
   rN+:       It protects you from negative energy.
   Stlth+:    It makes you more stealthy.
 l - the amulet of Uzuzus {Spirit Regen+}
   (You found it in a treasure trove)

   [amulet of guardian spirit]

   Spirit:    It causes incoming damage to be divided between your reserves of
   health and magic.
   Regen+:    It increases your rate of health regeneration.
 m - the ring "Iciehu" {Ice rCorr SInv Stlth-}
   (You found it on level 3 of the Crypt)

   [ring of ice]

   Ice:       It enhances your ice magic.
   rF-:       It makes you vulnerable to fire.
   rC+:       It protects you from cold.
   SInv:      It lets you see invisible.
   rCorr:     It protects you from acid and corrosion.
   Stlth-:    It makes you less stealthy.
 n - the ring "Usonoej" {rElec Int+6}
   (You found it in a treasure trove)

   [ring of intelligence]

   Int+6:     It affects your intelligence (+6).
   rElec:     It insulates you from electricity.
 p - the ring "Wiuply" {Fire Will+}
   (You found it in a treasure trove)

   [ring of fire]

   Fire:      It enhances your fire magic.
   rF+:       It protects you from fire.
   rC-:       It makes you vulnerable to cold.
   Will+:     It increases your willpower.
 v - the ring of Gohyttul {rCorr Int+5 Stlth+}
   (You bought it in a shop on level 2 of the Elven Halls)

   [ring of resist corrosion]

   Int+5:     It affects your intelligence (+5).
   rCorr:     It protects you from acid and corrosion.
   Stlth+:    It makes you more stealthy.
 x - the ring "Puaku" {Wiz rPois rC- rN+}
   (You found it on level 2 of the Depths)

   [ring of wizardry]

   Wiz:       It improves your spell success rate.
   rC-:       It makes you vulnerable to cold.
   rPois:     It protects you from poison rN+: It protects you from negative
   energy.
 z - the ring "Dugusar" {Wiz rC+ rN+}
   (You found it in a treasure trove)

   [ring of wizardry]

   Wiz:       It improves your spell success rate.
   rC+:       It protects you from cold.
   rN+:       It protects you from negative energy.
 S - the brooch of Shielding (around neck) {Spirit SH+8}
   (You found it on level 5 of the Pits of Slime)

   [amulet of guardian spirit]

   Spirit:    It causes incoming damage to be divided between your reserves of
   health and magic.
   SH+8:      It affects your SH (+8).
Talismans
 s - a storm talisman
 w - a granite talisman (active)
Wands
 d - a wand of digging (25)
 h - a wand of light (18)
 i - a wand of roots (50)
 j - a wand of polymorph (26)
 q - a wand of flame (123)
 y - a wand of mindburst (55)
Scrolls
 c - a scroll of acquirement
 t - 3 scrolls of torment
 u - 2 scrolls of amnesia
 D - 2 scrolls of blinking
 E - 8 scrolls of fear
 F - 3 scrolls of fog
 K - 7 scrolls of immolation
 O - 5 scrolls of silence
 P - 12 scrolls of poison
 V - 12 scrolls of vulnerability
 X - 2 scrolls of revelation {@r4}
 Y - 25 scrolls of teleportation {@r3}
Potions
 o - 6 potions of enlightenment
 A - 8 potions of attraction
 B - 13 potions of brilliance
 C - 2 potions of cancellation
 G - 4 potions of ambrosia
 H - a potion of haste
 I - 3 potions of invisibility
 J - 22 potions of curing {@q1}
 M - 16 potions of might
 N - 21 potions of heal wounds {@q2}
 Q - 8 potions of magic
 R - 6 potions of resistance
 T - 4 potions of berserk rage
 U - 7 potions of mutation
 W - 4 potions of lignification
Miscellaneous
 g - a condenser vane
 r - a phial of floods


   Skills:
 - Level 14.0 Fighting
 + Level 21.8 Dodging
 + Level 20.3 Stealth
 + Level 17.9 Unarmed Combat
 - Level 20.0 Spellcasting
 - Level 5.0 Conjurations
 - Level 18.5 Hexes
 - Level 10.0 Fire Magic
 - Level 20.0 Air Magic
 - Level 17.3 Evocations
 - Level 18.0 Shapeshifting


You had 13 spell levels left.
You knew the following spells:

 Your Spells              Type           Power      Damage    Failure   Level
a - Shock                 Conj/Air       100%       1d9       0%          1
c - Freezing Cloud        Conj/Ice/Air   35%        6-21      1%          5
e - Enfeeble              Hex            49%        N/A       1%          7
q - Maxwell's Capacitive  Air            50%        ∞         1%          8
r - Swiftness             Air            100%       N/A       0%          3
s - Airstrike             Air            50%        2d(8-24)  0%          4
t - Discord               Hex            49%        N/A       3%          8
v - Arcjolt               Conj/Air       41%        1d51      1%          5
x - Plasma Beam           Fire/Air       44%        2x1d58    1%          6
F - Cause Fear            Hex            49%        N/A       0%          4

Your spell library contained the following spells:

 Spells                   Type           Power      Damage    Failure   Level
 Slow                     Hex            100%       N/A       0%          1
 Jinxbite                 Hex            100%       N/A       0%          2
 Static Discharge         Conj/Air       100%       3-8/arc   0%          2
 Confusing Touch          Hex            98%        N/A       0%          3
 Inner Flame              Hex/Fire       88%        N/A       0%          3
 Sigil of Binding         Hex            98%        N/A       0%          3
 Foxfire                  Conj/Fire      100%       2x1d9     1%          1
 Freeze                   Ice            100%       1d10      1%          1
 Necrotise                Necr           100%       1d9       1%          1
 Sandblast                Erth           62%        2d14      1%          1
 Ensorcelled Hibernation  Hex/Ice        100%       N/A       1%          2
 Dazzling Flash           Conj/Hex       100%       N/A       1%          3
 Hailstorm                Conj/Ice       46%        3d11      1%          3
 Stone Arrow              Conj/Erth      92%        3d12      1%          3
 Anguish                  Hex/Necr       36%        N/A       1%          4
 Flame Wave               Conj/Fire      67%        2d15      1%          4
 Fulminant Prism          Conj/Hex       40%        3d19      1%          4
 Leda's Liquefaction      Hex/Erth       36%        N/A       1%          4
 Sticky Flame             Conj/Fire      67%        2d8       1%          4
 Fireball                 Conj/Fire      33%        3d14      1%          5
 Metabolic Englaciation   Hex/Ice        36%        N/A       1%          5
 Conjure Ball Lightning   Conj/Air       41%        3x3d13    1%          6
 Frozen Ramparts          Ice            62%        1d10      3%          3
 Ozocubu's Armour         Ice            31%        N/A       3%          3
 Vampiric Draining        Necr           31%        2d8       3%          3
 Brom's Barrelling Bould  Conj/Erth      46%        2d6       4%          4
 Iskenderun's Battlesphe  Conj           58%        2d11      4%          5
 Starburst                Conj/Fire      33%        6d10      9%          6
 Dispel Undead            Necr           31%        3d14      12%         4
 Agony                    Necr           31%        N/A       32%         5
 Borgnjor's Vile Clutch   Necr/Erth      15%        N/A       32%         5
 Lee's Rapid Deconstruct  Erth           15%        3d10*     32%         5
 Bombard                  Conj/Erth      23%        9d4       54%         6
 Orb of Destruction       Conj           29%        9d9       77%         7
 Ignition                 Fire           37%        3d11      77%         8
 Ozocubu's Refrigeration  Ice            15%        4d10      100%        7
 Borgnjor's Revivificati  Necr           15%        N/A       100%        8
 Lehudib's Crystal Spear  Conj/Erth      23%        10d6      100%        8
 Chain Lightning          Conj/Air       41%        3d55      100%        9
 Death's Door             Necr           15%        N/A       100%        9
 Polar Vortex             Ice            15%        12d2*     100%        9
 Cigotuvi's Dreadful Rot  Necr/Pois/Air  Unusable   N/A       N/A         2
 Lesser Beckoning         Tloc           Unusable   N/A       N/A         2
 Passwall                 Tmut/Erth      Unusable   N/A       N/A         2
 Poisonous Vapours        Pois/Air       Unusable   N/A       N/A         2
 Sublimation of Blood     Necr           Unusable   N/A       N/A         2
 Mephitic Cloud           Conj/Pois/Air  Unusable   N/A       N/A         3
 Summon Guardian Golem    Hex/Summ       Unusable   N/A       N/A         3
 Volatile Blastmotes      Fire/Tloc      Unusable   2d18      N/A         3
 Vhi's Electric Charge    Tloc/Air       Unusable   N/A       N/A         4
 Yara's Violent Unravell  Hex/Tmut       Unusable   3d15      N/A         5
 Gell's Gravitas          Tloc           Unusable   N/A       N/A         3
 Teleport Other           Tloc           Unusable   N/A       N/A         3
 Iskenderun's Mystic Bla  Conj/Tloc      Unusable   2d10      N/A         4
 Animate Armour           Summ/Erth      Unusable   N/A       N/A         4
 Olgreb's Toxic Radiance  Pois           Unusable   N/A       N/A         4
 Petrify                  Tmut/Erth      Unusable   N/A       N/A         4
 Alistair's Intoxication  Tmut/Pois      Unusable   N/A       N/A         5
 Death Channel            Necr           Unusable   N/A       N/A         6
 Eringya's Noxious Bog    Tmut/Pois      Unusable   4d6       N/A         6
 Simulacrum               Ice/Necr       Unusable   N/A       N/A         6
 Spellforged Servitor     Conj/Summ      Unusable   N/A       N/A         7
 Disjunction              Tloc           Unusable   N/A       N/A         8
 Infestation              Necr           Unusable   N/A       N/A         8
 Dragon's Call            Summ           Unusable   N/A       N/A         9

Dungeon Overview and Level Annotations

Branches:
Dungeon (15/15)            Temple (0/1) D:6            Lair (5/5) D:11
 Shoals (4/4) Lair:2       Spider (4/4) Lair:2        Slime (5/5) Lair:5
    Orc (2/2) D:12            Elf (3/3) Orc:2        Vaults (5/5) D:14
  Crypt (3/3) Vaults:3       Tomb (0/3) Crypt:3      Depths (4/4) D:15
    Zot (5/5) Depths:4     WizLab (visited)         Gauntlet (visited)

Altars:
Ashenzari
Cheibriados
Dithmenos
Gozag
Kikubaaqudgha
Ru
Sif Muna
Vehumet
Wu Jian
Zin

Shops:
D:3 =   D:11 (   Orc:2 ?:**   Elf:1 =:=   Elf:2 !(=   Elf:3 (   Shoals:1 !:
Shoals:2 (   Shoals:3 *   Vaults:2 ?   Vaults:3 (   Vaults:4 :(   Vaults:5 [
Depths:1 [

Portals:
Hell: Depths:1 Depths:2 Depths:3 Depths:4
Abyss: Depths:3
Pandemonium: Depths:2
Ziggurat: Depths:3

Annotations:
Elf:2 1 runed translucent door


Innate Abilities, Weirdness & Mutations

You are a living statue of rough stone.
Your actions are slow, but your melee attacks are powerful.
You are resistant to unholy torment.
Your maximum health is greatly increased.
You are immune to poison.
You have sharp claws.
You have razor-sharp teeth.
You have supernaturally acute eyesight. (SInv)
You are dopey. (Int -2)
((You cover ground quickly. (Speed+)))
((Your thick and shaggy fur keeps you warm. (AC +3, rC+)))
You are hated by all.
You cannot study or cast Poison magic.
You cannot study or cast Translocations magic.
You cannot study or cast Transmutations magic.
You are inexperienced. (-2 XL)
Your paws help you pounce on unaware monsters.
You are incapable of wielding weapons or throwing items.
You cannot wear armour.
You gain extra lives every three experience levels.
You are resistant to electric shocks. (rElec)


Message History

There is a stone staircase leading up here.
You climb upwards.
There is a stone staircase leading down here.
Magic restored.
An Orb Guardian comes into view.
You scratch the Orb Guardian.
The Orb Guardian is lightly wounded.
You claw the Orb Guardian!
The Orb Guardian is lightly wounded.
You eviscerate the Orb Guardian!!! You claw the Orb Guardian.
The Orb Guardian is severely wounded.
You closely miss the Orb Guardian.
The Orb Guardian is severely wounded.
You claw the Orb Guardian!
The Orb Guardian is almost dead.
The Orb Guardian hits you!!
You focus your inner power and paralyse the Orb Guardian in retribution!
You pounce on the unaware helpless Orb Guardian!
You eviscerate the Orb Guardian!!!!!!!
You kill the Orb Guardian!
No target in view!
What level of the Dungeon? (default 1, ? - help)
There is a stone staircase leading up here.
You climb upwards.
There is a stone staircase leading down here.
A hellwing comes into view.
The hellwing gives a chilling moan.
A Vewaun and a soul eater come into view.
Unknown command.
Unknown command.
Okay, then.
Unknown command.
Unknown command.
You feel yourself speed up.
The hellwing swoops through the air toward you!
Blink to where?
Press: ? - help, Dir - move target
As you read the scroll of blinking, it crumbles to dust.
There is a staircase leading out of the dungeon here.
You have escaped!

##.#......##......
##..#.....#...#....
#..##.......###....
####.###....######....
#....###....####......
#....................#
#.....................
#.....................
#....8....4...........
#.......8.............
#........♣............
#.....................
#.....................
#....................#
######################


You could see a hellwing.

Vanquished Creatures
  Dissolution (Slime:2)
  the Royal Jelly (Slime:5)
  7 dread liches
  6 orbs of fire
  5 ancient liches
  Mara (Depths:3)
  Sojobo (Vaults:2)
  The ghost of Ymesich the End of an Era, a veteran HOGl of Qazlal (Depths:2)
  Margery (Vaults:2)
  7 Killer Klowns
  A curse toe (Zot:3)
  The ghost of Otufioz the Victor of a Thousand Battles, a veteran GnWn of Okawaru (Depths:2)
  10 golden dragons
  A bone dragon (Depths:4)
  A Brimstone Fiend (Depths:4)
  A Tzitzimitl (D:15)
  3 electric golems
  13 tentacled monstrosities
  4 liches
  Zenata (Vaults:4)
  29 Orb Guardians
  9 quicksilver dragons
  3 titans
  A deep elf blademaster (Elf:3)
  2 deep elf master archers (Elf:3)
  Asterion (Elf:3)
  4 sphinxes
  18 acid blobs
  Polyphemus (Shoals:3)
  Kirke (D:13)
  9 death cobs
  2 ancient champions
  4 tengu reavers
  Agnes (D:15)
  8 shadow dragons
  11 storm dragons
  11 rockslimes
  Ilsuiw (Shoals:3)
  2 revenants
  Roxanne (Elf:3)
  Donald (Shoals:4)
  5 fire giants
  5 emperor scorpions
  2 draconian monks
  9 azure jellies
  3 draconian knights
  A balrug (Depths:1)
  2 iron dragons
  16 vault wardens
  4 deep elf sorcerers
  2 draconian scorchers (Zot:5)
  Louise (Spider:2)
  6 frost giants
  A curse skull (Crypt:3)
  5 ghost moths
  3 deep elf elementalists
  2 broodmothers (Spider:3)
  A caustic shrike skeleton (Crypt:1)
  3 draconian shifters
  6 draconian stormcallers
  4 ghouls
  13 ironbound preservers
  11 quicksilver oozes
  8 stone giants
  2 formless jellyfish
  4 spriggan defenders (Depths:3)
  4 orc warlords
  8 war gargoyles
  2 draconian annihilators
  7 ironbound thunderhulks
  2 reapers
  2 cacodemons
  6 very ugly things
  3 vampire knights
  6 deep elf demonologists
  A juggernaut skeleton (Depths:3)
  A rockslime zombie (Crypt:2)
  9 black draconians
  14 dire elephants
  7 spark wasps
  6 green draconians
  2 red draconians
  5 white draconians
  8 deep elf annihilators
  6 yellow draconians
  17 purple draconians
  4 merfolk javelineers (Shoals:4)
  5 eidola
  9 statues (WizLab)
  2 blizzard demons
  A quicksilver dragon zombie (Crypt:2)
  12 ettins
  6 jiangshi (Crypt:2)
  Josephine (Orc:1)
  8 deep elf death magi (Elf:3)
  5 crystal guardians
  3 fire dragons
  17 merfolk impalers
  The ghost of Whiskey the Mimic, a journeyman TrSh of Qazlal (D:10)
  5 deep elf high priests
  10 yaktaur captains
  7 great orbs of eyes
  7 ice dragons
  39 vault guards
  A spriggan skeleton (Crypt:1)
  11 entropy weavers
  Harold (D:9)
  2 Orb Guardian zombies
  2 spriggan air magi (Depths:4)
  7 rakshasas
  3 alligator snapping turtles
  6 catoblepae
  2 ogre magi
  5 hydras
  9 ironbound frosthearts
  5 peacekeepers
  2 death knights
  7 two-headed ogres
  16 centaur warriors
  A catoblepas (shapeshifter) (Vaults:5)
  3 merfolk avatars
  3 merfolk aquamancers
  5 radroaches
  2 satyrs (Shoals:2)
  9 boulder beetles
  5 demonic crawlers
  Urug (Lair:5)
  26 dancing weapons
  3 deep troll earth magi
  2 orc high priests
  2 spriggan berserkers
  4 vampire magi
  2 deep troll shamans (Depths:2)
  9 death yaks
  A tengu warrior (Depths:4)
  3 occultists (Depths:2)
  6 hell knights
  4 soul eaters (Depths:1)
  Nergalle (D:10)
  22 deep elf knights
  5 iron trolls
  5 shadow wraiths
  A fire crab (shapeshifter) (Vaults:5)
  23 skeletal warriors
  An anaconda zombie (Crypt:1)
  6 skysharks
  11 sea snakes
  8 pharaoh ants
  A golden dragon zombie (Depths:3)
  A skyshark (shapeshifter) (Vaults:5)
  43 deep trolls
  4 glowing orange brains
  15 flayed ghosts
  7 orb spiders
  11 phantasmal warriors
  9 arcanists
  18 deep elf archers
  Pikel (D:7)
  A bunyip skeleton (Crypt:3)
  11 ironbound convokers
  A lindwurm (Lair:4)
  An obsidian statue (Depths:1)
  A steelbarb worm (shapeshifter) (Vaults:5)
  An anaconda skeleton (Crypt:3)
  27 deep elf pyromancers
  19 orc knights
  A spectral wolf spider (Gauntlet)
  30 deep elf zephyrmancers
  17 harpies
  7 necromancers
  A fire giant zombie (Depths:3)
  17 wolf spiders
  5 cyclopes
  40 ugly things
  A tengu skeleton (Depths:3)
  12 steelbarb worms
  5 orc sorcerers
  17 manticores
  A stone giant zombie (Crypt:1)
  A frost giant skeleton (Depths:1)
  2 centaur zombies
  2 oklob plants
  5 shining eyes
  8 fauns
  A dire elephant zombie (Crypt:1)
  18 moths of wrath
  6 elephants (Lair:4)
  9 fire giant skeletons (Crypt:3)
  A torpor snail (shapeshifter) (Depths:2)
  A water nymph (shapeshifter) (Depths:3)
  2 eyes of devastation (Slime:1)
  7 black mambas
  10 merfolk sirens
  21 vault sentinels
  6 torpor snails
  A hellion (Zot:3)
  A spriggan zombie (Depths:1)
  5 gargoyles
  2 water nymphs (Shoals:4)
  A rust devil (D:15)
  A cane toad (shapeshifter) (Vaults:5)
  A centaur skeleton (D:15)
  2 smoke demons (Depths:1)
  A kobold demonologist (D:13)
  12 cane toads
  An unseen horror (shapeshifter) (Depths:4)
  A dire elephant skeleton (Crypt:1)
  6 orange demons
  Jeremiah (D:7)
  A guardian serpent (Lair:5)
  An unseen horror (D:12)
  3 efreet (D:15)
  10 komodo dragons
  6 freezing wraiths
  18 tengu conjurers
  A minotaur zombie (Crypt:1)
  A tormentor (Depths:3)
  2 alligator snapping turtle skeletons
  5 rime drakes
  12 yaktaurs
  2 guardian mummies (Crypt:3)
  6 ice devils
  2 yaktaurs (shapeshifter)
  A minotaur skeleton (Crypt:3)
  36 merfolk
  A purple draconian skeleton (Crypt:1)
  2 red devils (Depths:1)
  8 trolls
  5 meliai
  3 polar bears (Lair:2)
  A tarantella (shapeshifter) (Elf:1)
  2 wind drakes
  3 glass eyes
  2 hellwings
  8 hornets
  12 tarantellas
  12 blink frogs
  Prince Ribbit (D:7)
  A dream sheep (shapeshifter) (Vaults:5)
  A harpy skeleton (Crypt:1)
  An iron dragon simulacrum (Crypt:1)
  A raiju (shapeshifter) (D:13)
  6 saltlings
  14 snapping turtles
  7 fire dragon skeletons (Crypt:3)
  A centaur simulacrum (Gauntlet)
  24 jumping spiders
  A vampire (D:9)
  16 wyverns
  3 spriggans (Depths:3)
  2 ynoxinuls
  14 culicivoras
  63 slime creatures
  6 air elementals
  11 shadows
  14 water elementals
  6 fire elementals
  27 yaks
  18 wraiths
  2 humans (D:14)
  5 basilisks
  47 redbacks
  A black mamba skeleton (Crypt:2)
  9 vampire mosquitoes
  6 golden eyes
  3 neqoxecs
  A harpy simulacrum (Gauntlet)
  5 hogs
  5 wargs
  An acid dragon (shapeshifter) (D:13)
  5 acid dragons
  2 two-headed ogre skeletons (Crypt:1)
  25 water moccasins
  A demonspawn skeleton (Crypt:2)
  A hornet zombie (D:15)
  34 orc warriors
  2 ice beasts
  3 black bears
  2 spriggan simulacra
  11 ogres
  An ice dragon simulacrum (Crypt:1)
  6 boggarts
  15 centaurs
  A lemure (D:6)
  4 kobold brigands
  2 gnoll sergeants
  7 bullfrogs
  An elf skeleton (Crypt:2)
  A salamander skeleton (Crypt:1)
  7 scorpions
  2 earth elementals
  A hornet simulacrum (D:14)
  A wight (Crypt:3)
  2 cyclops skeletons
  7 killer bees
  A polar bear skeleton (Crypt:2)
  2 howler monkeys (D:9)
  A black bear zombie (Crypt:1)
  24 orc priests
  A gnoll bouda (D:6)
  2 hounds
  Ijyb (D:3)
  20 orc wizards
  A sleepcap (D:6)
  A boggart skeleton (D:15)
  A boggart simulacrum (Gauntlet)
  12 mummies (Crypt:3)
  8 adders
  18 gnolls
  A shadow imp (D:7)
  A steam dragon skeleton (Crypt:2)
  6 white imps
  A worm (D:2)
  2 dart slugs
  88 orcs
  6 bats
  8 endoplasms
  3 giant cockroaches
  7 goblins
  10 hobgoblins
  4 jackals
  4 quokkas
  3 ball pythons
  A ball python zombie (Crypt:2)
  3 frilled lizards
  A hobgoblin zombie (Crypt:2)
  19 kobolds
  6 rats
2179 creatures vanquished.

Vanquished Creatures (collateral kills)
  2 ancient liches (Vaults:5)
  A Killer Klown (Zot:5)
  A curse toe (Zot:2)
  2 tentacled monstrosities (Vaults:5)
  A titan (Vaults:5)
  A sphinx (Vaults:5)
  A walking divine tome (Depths:3)
  4 acid blobs
  A shadow dragon (Depths:3)
  2 draconian monks
  2 storm dragons
  A fire giant (Depths:3)
  An azure jelly (Slime:5)
  A draconian knight (Zot:4)
  3 rockslimes (Slime:5)
  An iron dragon (Vaults:5)
  2 vault wardens (Vaults:5)
  A draconian scorcher (Zot:5)
  3 frost giants
  4 ironbound preservers (Vaults:5)
  2 draconian stormcallers (Zot:5)
  2 draconian annihilators (Zot:3)
  A spriggan defender (Depths:3)
  3 green draconians
  A stone giant (Vaults:5)
  A white draconian (Zot:5)
  3 black draconians
  A spark wasp (Depths:3)
  2 red draconians
  2 yellow draconians
  2 purple draconians
  A fire dragon (Depths:3)
  A deep elf death mage (Vaults:5)
  2 yaktaur captains (Vaults:5)
  2 ettins (Vaults:5)
  2 ice dragons (Depths:3)
  2 vault guards (Vaults:5)
  3 deep troll shamans
  A deep troll earth mage (Depths:2)
  An occultist (Depths:1)
  A hell knight (Depths:3)
  3 iron trolls
  A titan skeleton (Depths:1)
  2 deep trolls (Depths:3)
  An orc knight (Vaults:5)
  An ironbound convoker (Vaults:5)
  2 necromancers (Depths:3)
  A harpy (Vaults:5)
  3 ugly things (Depths:1)
  A moth of wrath (Zot:2)
  2 vault sentinels (Vaults:5)
  3 red devils (Depths:1)
  29 slime creatures
  4 golden eyes (Slime:3)
  An ogre (Vaults:5)
  An orc (Vaults:5)
126 creatures vanquished.

Vanquished Creatures (others)
  A tentacled monstrosity (Vaults:5)
  An acid blob (Slime:2)
  A death cob (Zot:3)
  2 rockslimes (Slime:5)
  An azure jelly (Slime:5)
  2 draconian monks (Zot:5)
  A vault warden (Vaults:5)
  A frost giant (Vaults:5)
  A reaper (Depths:1)
  A stone giant (Depths:1)
  A yellow draconian (Zot:5)
  A spark wasp (Depths:3)
  An eidolon (Crypt:1)
  An ettin (Vaults:5)
  An ice dragon (D:13)
  A centaur warrior (D:15)
  A deep troll shaman (Depths:1)
  A tengu warrior (Depths:2)
  A hell knight (Depths:3)
  A flayed ghost (Crypt:2)
  A sea snake (Shoals:2)
  2 skeletal warriors (Crypt:2)
  2 deep trolls
  2 phantasmal warriors
  A necromancer (Crypt:1)
  An orc sorcerer (D:15)
  An ugly thing (Depths:1)
  A moth of wrath (Zot:3)
  A freezing wraith (Vaults:5)
  13 slime creatures
  A culicivora (Spider:1)
  A wyvern (D:10)
  2 redbacks
  A howler monkey (D:6)
  An orc wizard (D:9)
  2 orcs
55 creatures vanquished.

Grand Total: 2360 creatures vanquished

Notes
Turn   | Place    | Note
-------+----------+-------------------------------------------
     0 | D:1      | Forgeling the Felid Air Elementalist began the quest for
                  | the Orb.
     0 | D:1      | Reached XP level 1. HP: 7/7 MP: 4/4
   381 | D:1      | Reached XP level 2. HP: 11/11 MP: 4/6
   992 | D:1      | Found a faded altar of an unknown god.
  1235 | D:2      | Reached XP level 3. HP: 14/14 MP: 2/7
  2253 | D:3      | Found a sacrificial altar of Ru.
  2264 | D:3      | Became a worshipper of Ru the Awakened
  2538 | D:3      | Found Keiginn's Jewellery Boutique.
  2589 | D:3      | Reached XP level 4. HP: 18/18 MP: 3/8
  2845 | D:3      | Found an ornate altar of the Wu Jian Council.
  2939 | D:3      | Noticed Ijyb
  3016 | D:3      | Found an ancient bone altar of Kikubaaqudgha.
  3111 | D:4      | Found an opulent altar of Gozag.
  3163 | D:4      | Reached skill level 5 in Air Magic
  3344 | D:4      | Reached XP level 5. HP: 16/21 MP: 1/9
  3364 | D:4      | Learned a level 4 spell: Airstrike
  3503 | D:4      | Gained mutation: You are hated by all. [Ru sacrifice]
  3503 | D:4      | Reached * piety under Ru
  3503 | D:4      | Reached ** piety under Ru
  3863 | D:4      | Found a glowing silver altar of Zin.
  4051 | D:5      | Entered Level 5 of the Dungeon
  4121 | D:5      | Gained mutation: You are covered in thick fur. (AC +2)
                  | [Felid growth]
  4121 | D:5      | Reached XP level 6. HP: 24/24 MP: 2/11
  4682 | D:5      | Found a shimmering blue altar of Sif Muna.
  4882 | D:5      | Reached XP level 7. HP: 27/27 MP: 3/12
  5492 | D:5      | Found a sacrificial altar of Ru.
  5659 | D:5      | Learned a level 3 spell: Swiftness
  6602 | D:6      | Found a radiant altar of Vehumet.
  6662 | D:6      | Gained mutation: You are somewhat inexperienced. (-1 XL)
                  | [Ru sacrifice]
  6662 | D:6      | Reached XP level 6. HP: 24/24 MP: 13/13
  6662 | D:6      | Reached *** piety under Ru
  6909 | D:6      | Reached XP level 7. HP: 27/27 MP: 6/14
  7896 | D:6      | Found a staircase to the Ecumenical Temple.
  7944 | D:6      | Reached skill level 5 in Spellcasting
  8689 | D:3      | Found an ornate altar of the Wu Jian Council.
  8765 | D:3      | Found a sacrificial altar of Ru.
  8771 | D:3      | Found Keiginn's Jewellery Boutique.
  8896 | D:3      | Killed Ijyb
  8992 | D:3      | Found an ancient bone altar of Kikubaaqudgha.
  9385 | D:7      | Noticed Pikel
  9615 | D:7      | Identified the +5 quarterstaff of Surghod {venom, rElec
                  | Int-5 Dex+7}
  9882 | D:7      | Found a shadowy altar of Dithmenos.
 10115 | D:7      | Noticed Jeremiah
 10491 | D:8      | Reached skill level 10 in Air Magic
 10500 | D:8      | Reached skill level 1 in Fighting
 10525 | D:8      | Reached XP level 8. HP: 26/33 MP: 0/16
 10887 | D:7      | Noticed a troll
 10891 | D:7      | Killed a troll
 11148 | D:8      | Reached skill level 3 in Dodging
 11166 | D:8      | Learned a level 3 spell: Mephitic Cloud
 11288 | D:8      | Gained mutation: You are inexperienced. (-2 XL) [Ru
                  | sacrifice]
 11288 | D:8      | Reached XP level 7. HP: 32/32 MP: 15/15
 11288 | D:8      | Reached **** piety under Ru
 11288 | D:8      | Reached ***** piety under Ru
 11435 | D:9      | Noticed Harold
 11976 | D:9      | Noticed a troll
 11991 | D:9      | Reached skill level 4 in Dodging
 12252 | D:9      | Reached skill level 5 in Dodging
 12252 | D:9      | Reached skill level 5 in Stealth
 12798 | D:7      | Killed Pikel
 12799 | D:7      | Reached skill level 6 in Dodging
 12917 | D:7      | Noticed Prince Ribbit
 12926 | D:7      | Learned a level 2 spell: Poisonous Vapours
 13107 | D:7      | Reached skill level 1 in Evocations
 13747 | D:9      | Killed a troll
 13748 | D:9      | Reached XP level 8. HP: 36/36 MP: 0/17
 14056 | D:9      | Killed Harold
 14185 | D:9      | Found a runed translucent gate.
 14185 | D:9      | Found a runed translucent gate.
 14186 | D:9      | Found a runed translucent gate.
 14188 | D:9      | Noticed Whiskey's ghost (journeyman TrSh)
 16337 | D:10     | Entered Level 10 of the Dungeon
 16337 | D:10     | Noticed a deep elf pyromancer
 16342 | D:10     | Killed a deep elf pyromancer
 17043 | D:10     | Found a portal to a secret trove of treasure.
 17261 | D:9      | Reached XP level 9. HP: 20/39 MP: 0/22
 17533 | D:10     | Noticed Nergalle
 17554 | D:10     | Killed Nergalle
 18477 | D:11     | Paralysed by a hornet for 1 turns
 18719 | D:11     | Found Vusez's Weapon Shoppe.
 18826 | D:11     | Noticed a two-headed ogre
 18829 | D:11     | Killed a two-headed ogre
 18830 | D:11     | Reached skill level 7 in Dodging
 19065 | D:11     | Found a staircase to the Lair.
 19065 | D:11     | Noticed an oklob plant
 19645 | D:11     | Reached skill level 8 in Dodging
 19662 | D:11     | Reached skill level 10 in Stealth
 20066 | D:7      | Killed Prince Ribbit
 20149 | D:7      | Killed Jeremiah
 20575 | D:10     | Killed Whiskey's ghost
 20743 | D:12     | Noticed a two-headed ogre
 20760 | D:12     | Killed a two-headed ogre
 20761 | D:12     | Reached skill level 5 in Fighting
 21303 | D:12     | HP: 1/41 [slime creature (7)]
 22128 | D:12     | Reached XP level 10. HP: 46/46 MP: 2/23
 22312 | D:12     | Found a staircase to the Orcish Mines.
 23719 | Gauntlet | Identified the of Xolesap
 23719 | Lair:1   | Entered Level 1 of the Lair of Beasts
 24029 | Lair:1   | Reached skill level 10 in Spellcasting
 24258 | Lair:1   | Noticed a death yak
 24815 | Lair:1   | Gained mutation: You cannot study or cast Poison magic. [Ru
                  | sacrifice]
 24815 | Lair:1   | Gained mutation: You cannot study or cast Transmutations
                  | magic. [Ru sacrifice]
 24815 | Lair:1   | Gained mutation: You cannot study or cast Translocations
                  | magic. [Ru sacrifice]
 24947 | Lair:2   | Reached skill level 5 in Evocations
 25103 | Lair:2   | Noticed a catoblepas
 25283 | Lair:2   | Reached skill level 9 in Dodging
 25572 | Lair:2   | Found a snail-covered altar of Cheibriados.
 25657 | Lair:2   | Reached skill level 10 in Dodging
 25987 | Lair:2   | Noticed a boulder beetle
 25997 | Lair:2   | Killed a boulder beetle
 25998 | Lair:2   | Reached skill level 11 in Dodging
 26203 | Lair:2   | Found a staircase to the Shoals.
 26472 | Lair:2   | Noticed a four-headed hydra
 26475 | Lair:2   | Killed a four-headed hydra
 26476 | Lair:2   | Reached skill level 12 in Dodging
 26609 | Lair:2   | Killed a catoblepas
 26846 | Lair:2   | Noticed a death yak
 26846 | Lair:2   | Noticed a death yak
 26846 | Lair:2   | Noticed a death yak
 26858 | Lair:2   | Noticed a death yak
 26858 | Lair:2   | Killed a death yak
 26858 | Lair:2   | Noticed a death yak
 26859 | Lair:2   | Reached XP level 11. HP: 50/50 MP: 7/26
 27502 | Lair:2   | Found a hole to the Spider Nest.
 28719 | Lair:3   | You fall into a shaft and drop 2 floors!
 28719 | Lair:5   | Entered Level 5 of the Lair of Beasts
 28912 | Lair:4   | Noticed Nessos
 31269 | Lair:5   | Found a staircase to the Slime Pits.
 31912 | Lair:5   | Noticed Urug
 32752 | Lair:5   | Gained mutation: Your thick and shaggy fur keeps you warm.
                  | (AC +3, rC+) [Felid growth]
 32752 | Lair:5   | Reached XP level 12. HP: 54/54 MP: 28/28
 34043 | Lair:4   | Nessos changed into Nessos the rime drake
 34043 | Lair:4   | Noticed Nessos
 34046 | Lair:4   | Killed Nessos the rime drake
 34258 | Orc:1    | Entered Level 1 of the Orcish Mines
 34517 | Orc:1    | Reached skill level 13 in Dodging
 34604 | Orc:2    | Entered Level 2 of the Orcish Mines
 34858 | Orc:2    | Gained mutation: You are dopey. (Int -2) [Ru sacrifice]
 34858 | Orc:2    | Reached ****** piety under Ru
 35489 | D:13     | Found a gate leading to a gauntlet.
 35511 | Gauntlet | Entered a Gauntlet
 35511 | Gauntlet | Found a transporter.
 35511 | Gauntlet | Found a transporter.
 35580 | Gauntlet | Found a transporter.
 35583 | Gauntlet | Found a transporter.
 35593 | Gauntlet | Found a transporter.
 35597 | Gauntlet | Found a transporter.
 35611 | Gauntlet | Found a transporter.
 35697 | Gauntlet | Found a transporter.
 35698 | Gauntlet | Found a transporter.
 35707 | Gauntlet | Found a transporter.
 35711 | Gauntlet | Found a transporter.
 35721 | Gauntlet | Found a transporter.
 35911 | Gauntlet | Identified the +6 mace of Paxamiq {freeze, Str+6}
 36109 | Gauntlet | Identified the ring of Meist {rF+ Int+4 Dex+6}
 36255 | Gauntlet | Identified the +3 kite shield of Tartarus {Fly Will+ Int+3}
 36337 | Gauntlet | Slain by a minotaur
 36454 | D:13     | Noticed a frost giant
 36690 | Orc:2    | Reached skill level 14 in Dodging
 37384 | Orc:2    | Found a staircase to the Elven Halls.
 37856 | Orc:2    | Found Paeqyamej's General Store.
 37856 | Orc:2    | Noticed an orc warlord
 37919 | Orc:2    | Reached skill level 10 in Fighting
 38268 | Orc:1    | Noticed Josephine
 38273 | Orc:1    | Killed Josephine
 38858 | Orc:2    | Found Subro's Book Shoppe.
 39100 | Orc:2    | Killed an orc warlord
 39666 | Orc:2    | Reached skill level 15 in Air Magic
 39890 | Orc:2    | Found Neisabah's Magic Scroll Shoppe.
 39901 | Orc:2    | Bought a scroll of noise for 14 gold pieces
 39901 | Orc:2    | Bought a scroll of identify for 28 gold pieces
 39917 | Orc:2    | Found Firocef's General Store.
 40121 | Orc:2    | Bought a scroll of identify for 26 gold pieces
 40141 | Orc:2    | Bought a scroll of identify for 28 gold pieces
 40141 | Orc:2    | Bought a scroll of identify for 28 gold pieces
 40141 | Orc:2    | Bought a scroll of poison for 56 gold pieces
 40482 | D:13     | Noticed Kirke
 41094 | D:13     | Killed a frost giant
 41539 | D:13     | Reached XP level 13. HP: 61/61 MP: 25/29
 41614 | D:13     | Killed Kirke
 42587 | D:10     | You paid a toll of 6 potions of haste to enter a treasure
                  | trove
 42588 | Trove    | Entered a treasure trove
 42595 | Trove    | Identified the ring "Dugusar" {Wiz rC+ rN+}
 42597 | Trove    | Identified the ring "Suchak" {+Blink rF- AC+4 Dex+3 SInv}
 42599 | Trove    | Identified the amulet of Uzuzus {Spirit Regen+}
 42606 | Trove    | Identified the ring "Wiuply" {Fire Will+}
 42610 | Trove    | Identified the amulet of Red Wine {Regen+ Dex+4 Stlth-}
 42614 | Trove    | Identified the amulet "Wootz" {RegenMP Harm rC+ rN+}
 42622 | Trove    | Identified the ring "Usonoej" {rElec Int+6}
 42623 | Trove    | Identified the ring "Dolilunt" {Fire rN+ Will+ Str+2 Int-4}
 42693 | D:10     | Learned a level 5 spell: Freezing Cloud
 44077 | D:14     | Found a transporter.
 44157 | D:14     | Reached skill level 1 in Shapeshifting
 45532 | D:14     | Found an ornate altar of the Wu Jian Council.
 45597 | D:14     | Reached skill level 5 in Shapeshifting
 45746 | D:14     | Found a gate to the Vaults.
 46011 | D:15     | Entered Level 15 of the Dungeon
 46056 | D:15     | Noticed Agnes
 46135 | D:15     | Killed Agnes
 48814 | D:15     | Found a staircase to the Depths.
 49080 | Lair:5   | Killed Urug
 49271 | Shoals:1 | Entered Level 1 of the Shoals
 49907 | Shoals:1 | Found Xahul's Vocational Training.
 49915 | Shoals:1 | You fall into a shaft and drop 1 floor!
 50135 | Shoals:1 | Reached XP level 14. HP: 56/66 MP: 10/32
 50273 | Shoals:1 | Bought a manual of Evocations for 1360 gold pieces
 50350 | Shoals:1 | Found Vityquym's Distillery.
 51027 | Shoals:1 | Identified a scroll of acquirement
 51031 | Shoals:1 | Acquired a book of Fire
 51040 | Shoals:1 | Learned a level 6 spell: Plasma Beam
 51089 | Shoals:1 | Reached skill level 1 in Fire Magic
 51874 | Shoals:1 | Identified the +1 animal skin of the Enfolding Gods {Fly
                  | Int+2}
 52526 | Shoals:2 | Reached skill level 5 in Fire Magic
 52662 | Shoals:2 | Found Daddoag's Weapon Shoppe.
 54086 | Shoals:3 | Noticed Ilsuiw
 55139 | Shoals:3 | Noticed Polyphemus
 55142 | Shoals:3 | Killed Polyphemus
 55321 | Shoals:3 | Killed Ilsuiw
 55793 | Shoals:3 | Found Wyots's Island Escapes.
 55944 | Shoals:4 | Identified the "Fuump"
 55944 | Shoals:4 | Entered Level 4 of the Shoals
 56759 | Shoals:4 | Reached skill level 10 in Fire Magic
 56774 | Shoals:4 | Reached skill level 10 in Evocations
 56947 | Shoals:4 | Noticed Donald
 56972 | Shoals:4 | Killed Donald
 57516 | Shoals:4 | Reached XP level 15. HP: 47/65 MP: 8/33
 59219 | Shoals:4 | Reached skill level 15 in Evocations
 59776 | Shoals:4 | Got a barnacled rune of Zot
 60377 | D:3      | Bought a ring of poison resistance for 240 gold pieces
 60634 | Spider:1 | Entered Level 1 of the Spider Nest
 63921 | Spider:2 | Noticed Louise
 63926 | Spider:2 | Killed Louise
 66751 | Spider:3 | Reached skill level 15 in Dodging
 67398 | Spider:3 | Reached XP level 16. HP: 75/75 MP: 15/35
 68347 | Spider:4 | Entered Level 4 of the Spider Nest
 68857 | Spider:4 | Reached skill level 1 in Unarmed Combat
 70779 | Spider:4 | Got a gossamer rune of Zot
 71044 | Vaults:3 | Identified the "Ruomoepn"
 71044 | WizLab   | Identified the "Kinusk"
 71044 | WizLab   | Identified the "Hihu"
 71044 | Vaults:5 | Identified the of Foogeaw
 71044 | Vaults:5 | Identified the "Feozin"
 71044 | Crypt:3  | Identified the of Aciulauw
 71044 | Depths:2 | Identified the of Hits
 71044 | Elf:1    | Entered Level 1 of the Elven Halls
 71665 | Elf:1    | Learned a level 5 spell: Arcjolt
 71731 | Elf:1    | Reached skill level 1 in Conjurations
 71975 | Elf:1    | Reached skill level 5 in Unarmed Combat
 73014 | Elf:1    | Found Jidiom Memargh's Jewellery Shoppe.
 73015 | Elf:1    | Found Pukauwn's Book Shop.
 73016 | Elf:1    | Found Wib Liz's Jewellery Shoppe.
 73530 | Elf:1    | Acquired 729 gold pieces
 74006 | Elf:2    | Found Tafu's Jewellery Shoppe.
 74953 | Elf:2    | Found Qineavaynt's Antique Weapon Emporium.
 74976 | Elf:2    | Found Kogy's Distillery.
 75211 | Elf:2    | Found a runed translucent door.
 75235 | Elf:2    | Found a runed translucent door.
 75265 | Elf:3    | Identified the "Lusute"
 75265 | Elf:3    | Identified the of Hiemon
 75265 | Elf:3    | Entered Level 3 of the Elven Halls
 75666 | Elf:3    | Found Kulif's Antique Weapon Emporium.
 76044 | Elf:3    | Reached skill level 5 in Conjurations
 76220 | Elf:3    | Reached skill level 15 in Stealth
 76385 | Elf:3    | Noticed Bai Suzhen
 76410 | Elf:2    | Found an ancient bone altar of Kikubaaqudgha.
 76553 | Elf:3    | Bai Suzhen changed into Bai Suzhen the iron dragon
 76553 | Elf:3    | Noticed Bai Suzhen
 76957 | Elf:2    | Reached XP level 17. HP: 76/79 MP: 15/36
 77626 | Elf:1    | Bought a book of Spectacle for 768 gold pieces
 77635 | Elf:1    | Learned a level 8 spell: Maxwell's Capacitive Coupling
 79894 | Elf:2    | Killed Bai Suzhen the iron dragon
 79949 | Elf:3    | Noticed Roxanne
 79955 | Elf:3    | Killed Roxanne
 80187 | Elf:3    | Paralysed by an air elemental for 1 turns
 80245 | Elf:2    | Paralysed by an air elemental for 1 turns
 81612 | Elf:3    | Identified the +5 triple sword "Aqeom" {holy, rN+}
 81612 | Elf:3    | Identified the ring "Socvi" {Fly EV+5 Str+2 Int+3}
 81612 | Elf:3    | Paralysed by an air elemental for 1 turns
 81648 | Elf:3    | Identified the +5 bardiche of Qosmiuth {elec, rPois Int+2
                  | SInv}
 81969 | Elf:3    | Identified the +8 falchion of Floods {venom, rElec rF-
                  | Dex+3 SInv}
 81975 | Elf:3    | Noticed Asterion
 81980 | Elf:3    | Killed Asterion
 82808 | Elf:3    | Identified the +4 helmet "Osaociaf" {rN++ Str+3 Dex-4}
 83037 | Vaults:1 | Entered Level 1 of the Vaults
 84578 | Vaults:1 | Reached XP level 18. HP: 57/84 MP: 21/37
 86547 | Vaults:2 | Found Dopsoquq's Magic Scroll Emporium.
 87478 | Vaults:2 | Noticed Sojobo
 87506 | Vaults:2 | Killed Sojobo
 89613 | Vaults:2 | Noticed Margery
 89618 | Vaults:2 | Killed Margery
 89762 | Vaults:2 | Reached skill level 15 in Spellcasting
 90335 | Vaults:3 | Found a magical portal.
 90362 | Vaults:3 | Acquired 507 gold pieces
 90554 | WizLab   | Entered Iskenderun's Mystic Tower
 91758 | WizLab   | Reached XP level 19. HP: 87/87 MP: 33/40
 92309 | WizLab   | Identified the +5 battleaxe "Haof Firr" {heavy, rElec rC+
                  | Dex-2}
 93744 | Vaults:3 | Found a staircase to the Crypt.
 94088 | Vaults:3 | Found Jiewnista's Weapon Shoppe.
 94150 | Vaults:3 | Learned a level 4 spell: Cause Fear
 94158 | Vaults:3 | Learned a level 7 spell: Enfeeble
 94164 | Vaults:3 | Reached skill level 1 in Hexes
 94918 | Vaults:4 | Reached skill level 5 in Hexes
 96115 | Vaults:4 | Reached skill level 10 in Hexes
 96370 | Vaults:5 | Entered Level 5 of the Vaults
 96373 | Vaults:5 | Noticed an ancient lich
 96706 | Vaults:4 | Noticed Zenata
 96712 | Vaults:4 | Killed Zenata
 96798 | Vaults:4 | Found Deuled's Book Emporium.
 96839 | Vaults:4 | Found Ebitalox's Weapon Shop.
 97846 | Vaults:4 | Reached skill level 15 in Hexes
 98619 | Orc:2    | Bought a book of Chaos for 600 gold pieces
 98628 | Orc:2    | Learned a level 8 spell: Discord
 98808 | Depths:1 | Entered Level 1 of the Depths
 98808 | Depths:1 | Found Noaloc's Armour Boutique.
 99246 | Depths:1 | Reached XP level 20. HP: 72/82 MP: 14/42
 99912 | Depths:1 | Found a broken altar of Ashenzari.
 99982 | Depths:1 | Found a gateway to Hell.
101142 | Depths:2 | Found a one-way gate leading to the halls of Pandemonium.
101198 | Depths:2 | Found a shimmering blue altar of Sif Muna.
103075 | Depths:2 | Found a runed translucent gate.
103075 | Depths:2 | Found a runed translucent gate.
103076 | Depths:2 | Found a runed translucent gate.
103077 | Depths:2 | Found an ancient bone altar of Kikubaaqudgha.
103077 | Depths:2 | Noticed Otufioz's ghost (veteran GnWn)
103078 | Depths:2 | Noticed a dread lich
103078 | Depths:2 | Noticed Ymesich's ghost (veteran HOGl)
103079 | Depths:2 | Noticed an ancient lich
103079 | Depths:2 | Noticed a dread lich
103467 | Depths:2 | Killed Otufioz's ghost
103471 | Depths:2 | Killed a dread lich
103476 | Depths:2 | Killed a dread lich
103576 | Depths:2 | Killed Ymesich's ghost
103580 | Depths:2 | Killed an ancient lich
103597 | Depths:2 | Identified the ring "Puaku" {Wiz rPois rC- rN+}
103863 | Depths:3 | Reached skill level 10 in Shapeshifting
104065 | Depths:3 | Found a one-way gateway to a ziggurat.
104238 | Depths:3 | Noticed Mara
104245 | Depths:3 | Killed Mara
104844 | Depths:3 | Found a one-way gate to the infinite horrors of the Abyss.
105355 | Depths:3 | Noticed an ancient lich
105625 | Depths:3 | Killed an ancient lich
106013 | Depths:3 | Reached XP level 21. HP: 95/95 MP: 36/44
106399 | Depths:4 | Entered Level 4 of the Depths
106900 | Depths:3 | Reached XP level 22. HP: 48/95 MP: 45/45
107733 | Depths:4 | Reached skill level 15 in Shapeshifting
107867 | Depths:4 | Found a gate to the Realm of Zot.
108510 | Vaults:5 | Noticed an ancient lich
108511 | Vaults:5 | Killed an ancient lich
108588 | Vaults:5 | Killed an ancient lich
108739 | Vaults:5 | Identified the +5 long sword "Gegibaol" {vamp, Will+ Int+3}
109034 | Vaults:5 | Identified the +9 flail of Keiwilem {holy, Str+3 Stlth+}
109210 | Vaults:5 | Identified the +6 trident of Gazxol {venom, Dex+5}
109352 | Vaults:5 | Reached skill level 16 in Dodging
109840 | Vaults:5 | Found Dubra's Antique Armour Shoppe.
109851 | Vaults:5 | Identified the +2 plate armour of Focus {rPois rF+ Slay-2}
110014 | Vaults:5 | Identified the +8 mace of Biulinif {flame, Int-4 Dex+6}
110123 | Vaults:5 | Got a silver rune of Zot
110211 | Vaults:5 | Identified the staff of Korok {rElec Str+5 Int+4 Air}
110271 | Vaults:5 | Reached skill level 10 in Unarmed Combat
110704 | Elf:2    | Bought the ring of Gohyttul {rCorr Int+5 Stlth+} for 443
                  | gold pieces
110916 | Slime:1  | Entered Level 1 of the Pits of Slime
111183 | Slime:3  | You fall into a shaft and drop 1 floor!
111363 | Slime:2  | Noticed Dissolution
111371 | Slime:2  | Killed Dissolution
111372 | Slime:2  | Reached XP level 23. HP: 100/100 MP: 11/46
111672 | Slime:5  | Entered Level 5 of the Pits of Slime
112256 | Slime:5  | Reached skill level 17 in Dodging
112404 | Slime:5  | Noticed the Royal Jelly
112888 | Slime:5  | Found the brooch of Shielding {Spirit SH+8}
113095 | Slime:5  | Killed the Royal Jelly
113208 | Slime:5  | Identified the +0 pair of boots of Xom's Hatred {Will+
                  | rCorr}
113267 | Slime:5  | Got a slimy rune of Zot
113315 | Slime:5  | Identified the +1 chain mail "Plog" {Rampage MP+9 Int+3}
113373 | Slime:5  | Identified the ring of Vobot {Int+6 Dex+3}
113813 | Slime:2  | Reached skill level 18 in Dodging
114134 | Crypt:1  | Entered Level 1 of the Crypt
116738 | Crypt:3  | Entered Level 3 of the Crypt
117255 | Crypt:3  | Found a staircase to the Tomb.
117420 | Crypt:3  | Noticed an ancient lich
117423 | Crypt:3  | Killed an ancient lich
117491 | Crypt:3  | Identified the ring of Uducuc {rElec rPois rN+ Str+4}
117491 | Crypt:3  | Identified the ring "Tiluqiky" {rPois rF+ rN+ Int+6 SInv}
117491 | Crypt:3  | Identified the ring of the Fresh God {rN+ Int+2 Stlth+}
117937 | Crypt:3  | Found an ancient bone altar of Kikubaaqudgha.
117968 | Crypt:3  | Found the +8 demon blade "Leech" {evervamp, Harm Drain rN+}
118039 | Crypt:3  | Identified the ring "Iciehu" {Ice rCorr SInv Stlth-}
118053 | Crypt:3  | Noticed an ancient lich
118056 | Crypt:3  | Killed an ancient lich
118057 | Crypt:3  | Reached XP level 24. HP: 108/108 MP: 41/48
118345 | Crypt:3  | Found the sphere of Battle
118867 | Zot:1    | Entered Level 1 of the Realm of Zot
119285 | Zot:1    | You fall into a shaft and drop 1 floor!
119410 | Zot:2    | Noticed an orb of fire
119416 | Zot:2    | Killed an orb of fire
119421 | Zot:2    | Noticed an orb of fire
119423 | Zot:2    | Gained mutation: Your magical capacity is low. (-10% MP)
                  | [an orb of fire]
119424 | Zot:2    | Killed an orb of fire
119578 | Zot:2    | Reached skill level 15 in Unarmed Combat
121737 | Zot:3    | Identified the ring "Ryetwuda" {Int+6 Dex+2}
122787 | Zot:4    | Reached skill level 19 in Dodging
123736 | Zot:5    | Entered Level 5 of the Realm of Zot
124450 | Zot:5    | Noticed an orb of fire
124453 | Zot:5    | Killed an orb of fire
124521 | Zot:5    | Noticed an orb of fire
124526 | Zot:5    | Killed an orb of fire
124645 | Zot:5    | Reached XP level 25. HP: 114/114 MP: 36/43
124658 | Zot:5    | Noticed a dread lich
124662 | Zot:5    | Killed a dread lich
124682 | Zot:5    | Noticed an ancient lich
124685 | Zot:5    | Killed an ancient lich
124698 | Zot:5    | Noticed a dread lich
124701 | Zot:5    | Killed a dread lich
124702 | Zot:5    | Reached skill level 20 in Dodging
124824 | Zot:5    | Noticed a dread lich
124827 | Zot:5    | Killed a dread lich
125540 | Zot:5    | Noticed an orb of fire
125542 | Zot:5    | Gained mutation: Your body sometimes deteriorates upon
                  | taking damage. [an orb of fire]
125543 | Zot:5    | Killed an orb of fire
125767 | Zot:5    | Noticed an orb of fire
125768 | Zot:5    | Gained mutation: Your body often deteriorates upon taking
                  | damage. [an orb of fire]
125769 | Zot:5    | Reached skill level 21 in Dodging
125771 | Zot:5    | Noticed a dread lich
125772 | Zot:5    | Killed an orb of fire
125875 | Zot:5    | Killed a dread lich
126419 | Zot:5    | Noticed a dread lich
126423 | Zot:5    | Killed a dread lich
126532 | Zot:5    | Lost mutation: Your body often deteriorates upon taking
                  | damage. [potion of mutation]
126532 | Zot:5    | Lost mutation: Your body sometimes deteriorates upon taking
                  | damage. [potion of mutation]
126532 | Zot:5    | Lost mutation: Your magical capacity is low. (-10% MP)
                  | [potion of mutation]
126532 | Zot:5    | Gained mutation: You are resistant to electric shocks.
                  | (rElec) [potion of mutation]
126532 | Zot:5    | Gained mutation: You are clumsy. (Dex -2) [potion of
                  | mutation]
126532 | Zot:5    | Lost mutation: You are clumsy. (Dex -2) [potion of
                  | mutation]
126533 | Zot:5    | Got the Orb of Zot
127131 | D:1      | Noticed Vewaun the pandemonium lord
127147 | D:$      | Escaped with the Orb!

Illustrated notes

Levels and vault maps discovered:
D:1:      wander_arrival_peaceful_grave, layout_rooms,
          shapermc_ecumenical_altar_totnotflames, serial_bayou_ford_a
D:2:      layout_loops_cross
D:3:      layout_loops_cross, mainiacjoe_overflow_tiny_flanked,
          mainiacjoe_overflow_brackets, mainiacjoe_overflow_24_doors,
          serial_shops, shop, nicolae_half_adder, uniq_ijyb
D:4:      layout_rooms, nicolae_gozag_seed_capital, zin_scriptorium,
          minmay_door_square, grunt_ministairs_5
D:5:      layout_layer_cave, overflow_temple_1_default, hangedman_decor_push,
          kennysheep_diamond
D:6:      layout_loops_corners, kennysheep_mini, minmay_temple_entry_trees
D:7:      layout_basic, nicolae_dithmenos_shadow_blocks, uniq_jeremiah,
          uniq_pikel, uniq_prince_ribbit1
D:8:      layout_rooms, solitary_fountain, feat_on_display
D:9:      layout_loops_ring, gammafunk_ghost_spectres, onia_ninara_cookie,
          uniq_harold
D:10:     layout_layer_cave, nicolae_trove_entry_crossroad,
          david_defended_altar_orc, uniq_nergalle
D:11:     layout_gridville, dpeg_oklobed_lair, serial_shops,
          nicolae_shop_bloodbath_and_beyond
D:12:     hangedman_arrow_trap, layout_basic,
          kennysheep_orc_monster_closet_entryway, serial_bayou_pond_e,
          st_stairs_4
D:13:     layout_roguey, gauntlet_entry_generic, minmay_misc_feat_iff,
          nicolae_doodle_vault, uniq_kirke
D:14:     layout_cave_pools, grunt_vaults_entry_fortified,
          pdpol_wu_jian_five_deadly_venoms, hangedman_abyss_or_decor_stabs,
          nicolae_diode_basic
D:15:     grunt_enter_depths_magical_seal, layout_cave_pools, serial_demonic,
          serial_demonic_a, serial_demonic_g, serial_demonic_c,
          serial_demonic_c, minmay_stone_trees_small,
          nicolae_figureground_sparkle, uniq_agnes
Lair:1:   layout_hall_layers, st_stairs_5
Lair:2:   layout_cave_pods, mainiacjoe_shoals_entry_four_pools,
          hellmonk_spider_entry_not_the_bees, basic_altar, st_stairs_12,
          beast_lair_carwin_9, grunt_megastairs_4
Lair:3:   layout_gridlike
Lair:4:   layout_regular_city, dreamdust_mushroom_princess,
          chequers_serial_rivers_micro_b, grunt_megastairs_3, uniq_nessos
Lair:5:   hangedman_lair_tendril_chambers, layout_misc_corridors, slime_entry_1,
          infiniplex_staircase_pool_2, uniq_urug
Shoals:1: argonaut_golden_fleece, layout_shoals, serial_shops,
          nicolae_shop_trees, nicolae_shop_vocational
Shoals:2: nzn_motion_control, layout_shoals, serial_shops, shop
Shoals:3: layout_shoals, nicolae_island_escapes, uniq_polyphemus, uniq_ilsuiw
Shoals:4: shoals_end_simple, layout_shoals, nicolae_shoals_pincushion_passage,
          uniq_donald
Spider:1: layout_chambers, nicolae_spider_webs_and_nodes
Spider:2: layout_spider_delve, uniq_louise
Spider:3: layout_spider_delve, drop_trap
Spider:4: hellmonk_spider_rune_bug_friends
Slime:1:  layout_caves
Slime:2:  layout_caves, uniq_dissolution
Slime:3:  layout_caves
Slime:4:  layout_caves
Slime:5:  slime_pit_nicolae_amoeboid
Orc:1:    layout_caves, basic_altar, rock_pile, uniq_josephine
Orc:2:    hellmonk_orc_salted, layout_caves
Elf:1:    layout_loops_corners, minivault_28, minmay_shop_grove
Elf:2:    elven_hall_of_blades_hangedman_original
          [nicolae_blade_entry_splitting_headache], layout_loops_cross,
          serial_shops, nicolae_take_the_stairs, nicolae_shop_real_fake_doors,
          nicolae_shop_hallway_plus, hangedman_elf_power_crystal,
          lemuel_upstairs_altar
Elf:3:    minmay_elf_hall_quartered_circle, layout_geoelf_grid, serial_shops,
          shop, uniq_roxanne, uniq_bai_suzhen, uniq_asterion
Vaults:1: grunt_vaults_trifunnel, grunt_vaults_diagonal,
          nicolae_vaults_stairing_the_circle, nicolae_vaults_mini_display_case,
          grunt_vaults_bifocal, vaults_room_grunt_arrival_checkpoint,
          nicolae_vaults_trapezoid_1, nicolae_vaults_storage_closets_3,
          nicolae_vaults_trapezoid_2, nicolae_vaults_apartment_1,
          nicolae_vaults_tangram_2, nicolae_vaults_trapezoid_2,
          layout_vaults_ring
Vaults:2: nicolae_vaults_little_squares_4, dpeg_vaults_monster_row,
          hangedman_vaults_stagger, nicolae_vaults_shipping_containers_7,
          nicolae_vaults_trapezoid_1, hangedman_vaults_variations,
          nicolae_vaults_apartment_2, ontoclasm_vaults_decontamination,
          nicolae_vaults_border_crossing, nicolae_vaults_tetromino_T_1,
          vaults_mumra_hex, layout_vaults_omnicross, serial_shops,
          nicolae_shop_rolled_up, uniq_margery, uniq_sojobo
Vaults:3: infiniplex_enter_wizlab_water, minmay_crypt_entry_simple_corners,
          nicolae_vaults_rhombus_6, nicolae_vaults_little_squares_5,
          ontoclasm_vaults_ring_square, vaults_dpeg_ring, vaults_dpeg_hooks,
          vaults_room_fours, vaults_dpeg_encased_lava, layout_vaults_omnigrid,
          serial_shops, nicolae_shop_mannequins
Vaults:4: nicolae_vaults_offset_grid_hallway_4, ontoclasm_vaults_tryst,
          nicolae_vaults_inception_scallops, nicolae_vaults_tetromino_Z_1,
          vaults_room_corners, nicolae_vaults_taking_the_gang_shopping,
          vaults_mumra_hexcomb, nicolae_vaults_ellipses_ellipsis,
          nicolae_vaults_wine_cellar, nicolae_vaults_house_1,
          ontoclasm_vaults_chip, nicolae_vaults_variable_pillar_hall,
          layout_vaults_omnibox, serial_shops, nicolae_shop_stone, uniq_zenata
Vaults:5
Crypt:1:  layout_regular_city, roderic_lattice_octagonal_star
Crypt:2:  layout_basic, glass_columns_a
Crypt:3:  quadcrypt_mu
Depths:1: layout_gridlike, serial_shops, shop, grunt_hell_entry_demonic_statue,
          serial_bayou_pond_d, nicolae_ashenzari_panopticon
Depths:2: wad_guarded_room, layout_gridlike, hell_entry,
          nicolae_sif_muna_condensation, gammafunk_ghost_crypt, pan_entry,
          minmay_staircase_windowed_small, serial_bayou_shore_b
Depths:3: grunt_deathspiral_large, layout_small_grid, enter_ziggurat_b,
          hangedman_abyss_entry_splay, minmay_misc_feat_room,
          pf_vacation_house_of_asmodeus, hex_medium, uniq_mara
Depths:4: grunt_x_marks_the_spot, layout_gridlike,
          chequers_serial_rivers_small_a, hell_entry, serial_bayou_shore_b
Zot:1:    kennysheep_ambush_hall, layout_onion_interference
Zot:2:    layout_misc_corridors, lemuel_lake_of_fire
Zot:3:    layout_cathedral_of_symmetry, regret_index_zotdec_dark_gr,
          lemuel_elevator
Zot:4:    layout_concentric_octagons, regret_index_zotdec_wing_it
Zot:5:    layout_misc_corridors

Skill      XL: |  1  2  3  4  5  6  7  8  9 10 11 12 13 14 15 16 17 18 19 20 21 22 23 24 25 |
---------------+----------------------------------------------------------------------------+-----
Air Magic      | 3 4 5 7 10 11 12 14 15 18 20 | 20.0
Spellcasting   | 3 5 8 10 11 13 14 16 17 18 20 | 20.0
Fighting       | 2 4 6 7 10 11 12 14 | 14.0
Dodging        | 6 3 8 12 14 15 16 18 19 21 | 21.8
Stealth        | 8 3 11 15 17 20 | 20.3
Evocations     | 3 6 9 12 17 | 17.3
Shapeshifting  | 9 13 14 16 17 18 | 18.0
Fire Magic     | 10 | 10.0
Unarmed Combat | 6 7 12 13 16 17 | 17.9
Conjurations   | 5 |  5.0
Hexes          | 16 17 18 | 18.5

Action                     |  1- 3 |  4- 6 |  7- 9 | 10-12 | 13-15 | 16-18 | 19-21 | 22-24 | 25-27 || total
---------------------------+-------+-------+-------+-------+-------+-------+-------+-------+-------++-------
  Melee: Unarmed           |     7 |     9 |    61 |    33 |   147 |   113 |   131 |   986 |    25 ||  1512
         Bite              |     1 |     2 |    14 |     5 |    32 |    25 |    18 |   217 |     3 ||   317
         Punch             |       |       |     1 |     2 |     4 |     6 |     8 |   136 |     5 ||   162
   Cast: Shock             |   121 |   100 |    52 |       |       |       |       |       |       ||   273
         Airstrike         |       |     9 |   347 |   699 |   447 |    96 |     1 |     2 |       ||  1601
         Mephitic Cloud    |       |       |     2 |     3 |       |       |       |       |       ||     5
         Swiftness         |       |       |       |     1 |       |       |     1 |       |       ||     2
         Freezing Cloud    |       |       |       |       |     3 |       |       |       |       ||     3
         Plasma Beam       |       |       |       |       |   374 |   455 |   255 |    98 |    11 ||  1193
         Maxwell's Capacit |       |       |       |       |       |    55 |    68 |   116 |    53 ||   292
         Discord           |       |       |       |       |       |       |    11 |    30 |     3 ||    44
         Cause Fear        |       |       |       |       |       |       |     1 |     1 |       ||     2
         Arcjolt           |       |       |       |       |       |       |       |    77 |    10 ||    87
         Enfeeble          |       |       |       |       |       |       |       |     1 |       ||     1
 Invoke: Sacrifice Love    |       |     1 |       |       |       |       |       |       |       ||     1
         Sacrifice Experie |       |     1 |     1 |       |       |       |       |       |       ||     2
         Power Leap        |       |       |    13 |    18 |    34 |     7 |     2 |     2 |     1 ||    77
         Draw Out Power    |       |       |     2 |       |     4 |     1 |     4 |     4 |     1 ||    16
         Reject Sacrifices |       |       |     1 |     1 |       |       |       |       |       ||     2
         Sacrifice Arcana  |       |       |       |     1 |       |       |       |       |       ||     1
         Apocalypse        |       |       |       |     6 |     6 |    10 |     5 |     6 |     1 ||    34
         Sacrifice Purity  |       |       |       |     1 |       |       |       |       |       ||     1
  Evoke: Wand              |       |       |     1 |     9 |    13 |     7 |     3 |    10 |       ||    43
         Phial of floods   |       |       |       |       |     1 |     1 |       |       |       ||     2
         Condenser vane    |       |       |       |       |       |       |     2 |       |       ||     2
    Use: Scroll            |     6 |     2 |     2 |     8 |    10 |     6 |     1 |     9 |     1 ||    45
         Potion            |       |     1 |       |     3 |     1 |     1 |     3 |     2 |     3 ||    14
   Stab: Sleeping          |       |     1 |     1 |       |     5 |     5 |     9 |    19 |       ||    40
         Confused          |       |       |       |     1 |       |       |       |       |       ||     1
         Paralysed         |       |       |       |     4 |     4 |     8 |     3 |     3 |     2 ||    24
         Distracted        |       |       |       |       |     3 |     4 |     1 |    19 |       ||    27
         Invisible         |       |       |       |       |       |     3 |     3 |     3 |       ||     9
 Armour: Skin              |     6 |     9 |    58 |    45 |   133 |   164 |   114 |   640 |    48 ||  1217
  Dodge: Dodged            |    23 |    21 |   110 |   221 |   487 |   239 |   204 |  1507 |   135 ||  2947
  Block: Other             |       |       |       |       |       |       |       |   274 |    37 ||   311
         Form:             |       |       |       |       |     1 |       |       |     1 |       ||     2
         Anaconda          |       |       |       |       |     1 |       |       |       |       ||     1
         Statue            |       |       |       |       |       |       |       |     2 |       ||     2

Table legend: (Time is in decaauts)
 A = Elapsed time spent in this place.
 B = Non-inter-level travel time spent in this place.
 C = Inter-level travel time spent in this place.
 D = Time resting spent in this place.
 E = Time spent auto-exploring this place.
 F = Levels seen in this place.
 G = Mean time per level.
                   A        B        C        D        E       F      G
               +--------+--------+--------+--------+--------+-----+--------+
         Total | 128282 | 120069 |   8213 |  27789 |  70436 |  58 | 2211.8 |
       Dungeon |  33412 |  30211 |   3201 |   6381 |  18874 |  15 | 2227.5 |
          Lair |  11845 |  11038 |    807 |   2283 |   7118 |   5 | 2369.0 |
        Shoals |  10523 |  10156 |    367 |   4189 |   4323 |   4 | 2630.8 |
   Spider Nest |   8354 |   8150 |    204 |   1968 |   5184 |   4 | 2088.5 |
    Slime Pits |   4318 |   4161 |    157 |   1813 |    604 |   5 |  863.6 |
  Orcish Mines |   4275 |   3977 |    298 |   1538 |   1794 |   2 | 2137.5 |
   Elven Halls |  11012 |  10487 |    525 |   2943 |   5940 |   3 | 3670.7 |
        Vaults |  15138 |  14164 |    974 |   2667 |   8632 |   5 | 3027.6 |
         Crypt |   6393 |   6252 |    141 |    112 |   4690 |   3 | 2131.0 |
        Depths |   8393 |   7610 |    783 |    659 |   5609 |   4 | 2098.2 |
           Zot |  11557 |  10805 |    752 |   2421 |   6195 |   5 | 2311.4 |
         Trove |     52 |     52 |      0 |      0 |      0 |   1 |   52.0 |
        Wizlab |   2250 |   2250 |      0 |    578 |   1239 |   1 | 2250.0 |
      Gauntlet |    756 |    756 |      0 |    231 |    229 |   1 |  756.0 |
               +--------+--------+--------+--------+--------+-----+--------+

Top non-repeatable levels by time:
  Lair:2: 4652 daAuts
   Elf:1: 4012 daAuts
    D:12: 3704 daAuts
Vaults:2: 3630 daAuts
   Zot:5: 3627 daAuts
   Elf:2: 3546 daAuts
    D:14: 3462 daAuts
   Elf:3: 3453 daAuts
Shoals:1: 3358 daAuts
Shoals:3: 3172 daAuts
     D:9: 3123 daAuts
    D:13: 3109 daAuts
Vaults:1: 3054 daAuts
Spider:2: 3002 daAuts
Vaults:4: 2957 daAuts
